 Dungeon Crawl Stone Soup version 0.24-a0-179-g7a2c91a (webtiles) character file.

Game seed: 15514444627716748158

1675 Lanoc the Chopper (level 8, 0/79 HPs)
             Began as a Troll Gladiator on Mar 13, 2019.
             Slain by a scorpion (8 damage)
             ... on level 7 of the Dungeon.
             The game lasted 00:05:44 (3056 turns).

Lanoc the Chopper (Troll Gladiator)                 Turns: 3056, Time: 00:05:44

Health: 0/79       AC:  6    Str: 23    XL:     8   Next: 70%
Magic:  16/16      EV: 13    Int:  4    God:
Gold:   238        SH:  3    Dex: 16    Spells: 7/7 levels left

rFire    . . .     SeeInvis .   a - +0 war axe
rCold    . . .     Gourm    +   (no shield)
rNeg     . . .     Faith    .   b - +0 robe
rPois    .         Spirit   .   c - +0 hat
rElec    .         Reflect  +   (no cloak)
rCorr    .         Harm     .   (gloves unavailable)
MR       .....                  (boots unavailable)
Stlth    +.........             l - +3 amulet of reflection
HPRegen  0.63/turn              e - +3 ring of dexterity
MPRegen  0.15/turn              u - ring of magical power

@: no status effects
A: large, unfitting armour, claws 3, fast metabolism 3, gourmand, regeneration
1, shaggy fur 1, tough skin 3
a: no special abilities


You were on level 7 of the Dungeon.
You were not hungry.

You visited 2 branches of the dungeon, and saw 8 of its levels.

You collected 238 gold pieces.

Inventory:

Hand Weapons
 a - a +0 war axe (weapon)
Missiles
 d - 3 throwing nets (quivered)
Armour
 b - a +0 robe (worn)
 c - a +0 hat (worn)
Jewellery
 e - a +3 ring of dexterity (left claw)
 j - a cursed amulet of inaccuracy {unknown}
 l - a +3 amulet of reflection (around neck)
 u - a ring of magical power (right claw)
Wands
 h - a wand of random effects (19)
Scrolls
 g - 3 scrolls of remove curse
 k - a scroll of teleportation {unknown}
 m - 2 scrolls of enchant armour {unknown}
 n - 2 scrolls of amnesia {unknown}
 p - 2 scrolls of blinking {unknown}
 s - 2 scrolls of fear {unknown}
 v - a scroll of immolation {unknown}
Potions
 i - a potion of haste
 o - a potion of lignification
 q - a potion of flight
 r - a potion of brilliance
 t - 2 potions of curing
Comestibles
 f - 5 rations


   Skills:
 + Level 4.8 Fighting
 * Level 7.0 Axes
 - Level 1.7 Throwing
 + Level 5.2 Dodging


You had 7 spell levels left.
You didn't know any spells.
Your spell library was empty.

Dungeon Overview and Level Annotations

Branches:
Dungeon (7/15)             Temple (1/1) D:4

Altars:
Ashenzari
Dithmenos
Elyvilon
Fedhas
Hepliaklqana
Kikubaaqudgha
Makhleb
Nemelex Xobeh
Okawaru
Qazlal
Ru
Sif Muna
Trog
Vehumet
Xom
Yredelemnul
Zin
The Shining One

Annotations:
D:7 Menkaure


Innate Abilities, Weirdness & Mutations

You are too large for most types of armour.
You have claws for hands.
Your metabolism is lightning-fast.
You like to eat raw meat.
Your natural rate of healing is unusually fast.
You are covered in fur. (AC +1)
You have extremely tough skin. (AC +3)


Message History

You hit Menkaure. You block the ogre's attack. Menkaure casts a spell at you.
Pain shoots through your body!
You hit Menkaure.
Menkaure is moderately damaged.
You slash the ogre!
You kill the ogre!
Menkaure hits you!!
* * * LOW HITPOINT WARNING * * *
You slash Menkaure!
Menkaure is heavily damaged.
You hit the scorpion. Menkaure hits you but does no damage.
The scorpion stings you but does no damage.
You closely miss Menkaure.
Menkaure is heavily damaged.
You hit the scorpion but do no damage. You block the scorpion's attack.
Menkaure hits you!
* * * LOW HITPOINT WARNING * * *
You feel better. The scorpion stings you!
You die...

....## ......# ......
.##.... #### ### .......
#..###.## #.....##.......#
.#....Ms....#...#
.......@...##..####
......)(........#.##
...................#
#..................#
...................####
......).#.............#
..##...##.............#
####################†.#..##
#...................#####.#


You could see Menkaure and a scorpion.

Vanquished Creatures
  Duvessa (D:4)
  A water moccasin (D:7)
  2 sky beasts (D:5)
  4 phantoms
  2 ogres
  A black bear (D:7)
  2 centaurs
  Dowan (D:4)
  2 scorpions
  A water moccasin skeleton (D:4)
  A crimson imp (D:5)
  A hound (D:4)
  2 orc priests (D:5)
  A jelly (D:5)
  An orc wizard (D:5)
  A worker ant (D:5)
  A howler monkey skeleton (D:4)
  7 adders
  An adder skeleton (D:4)
  An adder zombie (D:5)
  A worm (D:2)
  3 dart slugs (D:1)
  2 leopard geckos
  4 orcs
  5 giant cockroaches
  A goblin (D:1)
  3 hobgoblins (D:1)
  5 jackals (D:2)
  4 kobolds (D:1)
  5 quokkas
  A ball python skeleton (D:4)
  3 bats
  2 frilled lizards
  A leopard gecko skeleton (D:4)
  A quokka skeleton (D:4)
  3 rats
78 creatures vanquished.

Notes
Turn   | Place    | Note
-------+----------+-------------------------------------------
     0 | D:1      | Lanoc the Troll Gladiator began the quest for the Orb.
     0 | D:1      | Reached XP level 1. HP: 19/19 MP: 0/0
    99 | D:1      | Reached XP level 2. HP: 28/28 MP: 1/1
   149 | D:2      | Reached skill level 3 in Axes
   149 | D:2      | Reached XP level 3. HP: 33/35 MP: 2/2
   428 | D:3      | Reached XP level 4. HP: 42/42 MP: 3/3
   643 | D:4      | Found a staircase to the Ecumenical Temple.
   685 | Temple   | Entered the Ecumenical Temple
   835 | D:4      | Reached XP level 5. HP: 47/50 MP: 4/4
  1143 | D:4      | Noticed a phantom
  1144 | D:4      | Found a blossoming altar of Fedhas.
  1145 | D:4      | Found an ancient bone altar of Kikubaaqudgha.
  1150 | D:4      | Killed a phantom
  1150 | D:4      | Reached skill level 4 in Axes
  1270 | D:4      | Noticed Duvessa
  1270 | D:4      | Noticed Dowan
  1282 | D:4      | Killed Duvessa
  1282 | D:4      | Reached XP level 6. HP: 23/61 MP: 5/5
  1291 | D:4      | Killed Dowan
  1565 | D:5      | Entered Level 5 of the Dungeon
  1565 | D:5      | Noticed a sky beast
  1577 | D:5      | Killed a sky beast
  1577 | D:5      | Reached skill level 5 in Axes
  1577 | D:5      | Reached XP level 7. HP: 59/67 MP: 6/6
  2107 | D:5      | Reached skill level 6 in Axes
  2107 | D:5      | Reached XP level 8. HP: 70/78 MP: 7/7
  2187 | D:5      | Found an iron altar of Okawaru.
  2344 | D:6      | Found a basalt altar of Yredelemnul.
  2376 | D:6      | Found a sparkling altar of Nemelex Xobeh.
  2496 | D:6      | Found a glowing silver altar of Zin.
  2758 | D:6      | Found a burning altar of Makhleb.
  2759 | D:6      | Noticed an angel
  2761 | D:6      | Noticed a cacodemon
  2769 | D:6      | You fall through a shaft!
  2785 | D:7      | Reached skill level 5 in Dodging
  2926 | D:7      | Reached skill level 7 in Axes
  2937 | D:7      | Found a hazy altar of Hepliaklqana.
  3044 | D:7      | Noticed Menkaure
  3055 | D:7      | HP: 1/79 [Menkaure (11)]
  3056 | D:7      | Slain by a scorpion

Levels and vault maps discovered:
D:1:      dpeg_arrival_tiny_i, layout_basic, minmay_pentomino_w4
D:2:      layout_basic, roderic_serpentine_path
D:3:      layout_rooms, minmay_shallow_snake_nest, uniq_robin
D:4:      layout_gridville, grunt_temple_overflow_growth_and_decay,
          temple_statues, uniq_duvessa
D:5:      layout_gridville, kennysheep_okawaru_gauntlet, first_ration
D:6:      layout_loops_ring, grunt_temple_overflow_order_and_chaos_2,
          lemuel_round_altar, old_standard_altar, uniq_crazy_yiuf_cottage
D:7:      layout_cave_pools, lemuel_coloured_pillars_altar, uniq_menkaure
Temple:   jpeg_temple_alley_garden

Skill      XL: |  1  2  3  4  5  6  7  8 |
---------------+-------------------------+-----
Fighting       | 2 3 4 |  4.8
Axes           | 3 4 5 6 7 |  7.0
Dodging        | 3 4 5 |  5.2
Throwing       | |  1.7

Action                   |  1- 3 |  4- 6 |  7- 9 || total
-------------------------+-------+-------+-------++-------
Melee: War axe           |    81 |    96 |   135 ||   312
  Use: Scroll            |       |     5 |     3 ||     8
       Potion            |       |       |     1 ||     1
 Stab: Sleeping          |     1 |     3 |       ||     4
  Eat: Chunk             |     8 |     6 |     6 ||    20
       Ration            |       |       |     2 ||     2
Armor: Robe              |    27 |    27 |    40 ||    94
Dodge: Dodged            |    50 |    59 |    83 ||   192
Block: Other             |     5 |    10 |    22 ||    37
       Reflection        |       |       |     1 ||     1

Table legend:
 A = Non-vault XP
 B = Vault XP
 C = Vault XP percentage of total XP
 D = Non-vault monster count
 E = Vault monster count
 F = Vault count percentage of total count
                 A         B        C        D         E       F
            +---------+---------+-------+---------+---------+-------
      Total |    2139 |     255 |  10.7 |      70 |       8 |  10.3
            +---------+---------+-------+---------+---------+-------
        D:1 |      16 |      16 |  50.0 |       9 |       6 |  40.0
        D:2 |      50 |       0 |   0.0 |      13 |       0 |   0.0
        D:3 |      19 |       0 |   0.0 |       4 |       0 |   0.0
        D:4 |     276 |     239 |  46.4 |      14 |       2 |  12.5
        D:5 |    1036 |       0 |   0.0 |      18 |       0 |   0.0
        D:6 |     203 |       0 |   0.0 |       6 |       0 |   0.0
        D:7 |     539 |       0 |   0.0 |       6 |       0 |   0.0
            +---------+---------+-------+---------+---------+-------
